AoeStats
← 765688104

Black Forest

509474271Analyzed
3v3 RM · 4d ago on Sep 26, 2026· 115m 41s· 6 players
Game mode
Random Map
Map size
Normal (6 player)
Population
200
Speed
Normal
Resources
Standard
Victory
Conquest
Starting age
Dark Age
Ending age
Imperial Age
RankedLock teamsTeams togetherTeam positionsShared explorationLock speedFull tech treeHidden civsTurbo modeCheats
Victory
Defeat
🇪🇸 Burgundians · Spain
429
+16
🇵🇪 Burgundians · Peru
381
+18
🇮🇳 Portuguese · India
332
+20
🇺🇸 Vietnamese · United States
559
-24
🇦🇺 Celts · Australia
472
-20
🇨🇲 Gurjaras · Cameroon
229
-10
Shader
0:28 Loom
17:21 Feudal Age
15:56 Double-Bit Axe
15:56 Horse Collar
16:44 Gold Mining
17:07 Stone Mining
18:19 Bow Saw
19:35 Town Watch
20:00 Heavy Plow
30:51 Castle Age
30:28 Wheelbarrow
31:42 Scale Barding Armor
31:39 Padded Archer Armor
31:29 Fletching
31:16 Crossbowman
31:19 Pikeman
32:02 Squires
31:49 Arson
31:30 Elite Skirmisher
33:25 Chain Barding Armor
33:22 Leather Archer Armor
34:56 Crop Rotation
35:43 Two-Man Saw
35:09 Fortified Wall
35:44 Burgundian Vineyards
37:34 Two-Man Saw
36:23 Treadmill Crane
36:39 Murder Holes
37:51 Ballistics
37:29 Bodkin Arrow
41:36 Imperial Age
40:08 Hand Cart
40:36 Cavalier
41:18 Husbandry
41:34 Forging
44:22 Chemistry
44:12 Conscription
46:36 Plate Barding Armor
47:25 Iron Casting
47:59 Guilds
48:36 Town Patrol
49:41 Blast Furnace
48:44 Bracer
49:35 Scale Mail Armor
49:03 Paladin
51:51 Masonry
52:08 Chain Mail Armor
52:55 Halberdier
54:12 Plate Mail Armor
54:41 Hoardings
54:41 Architecture
57:37 Elite Coustillier
71:35 Sappers
tvales
1:04 Loom
10:53 Wheelbarrow
15:28 Double-Bit Axe
16:29 Horse Collar
18:56 Feudal Age
20:18 Stone Mining
20:20 Gold Mining
20:55 Heavy Plow
21:36 Hand Cart
21:42 Bow Saw
26:45 Castle Age
24:31 Town Watch
25:45 Fletching
27:43 Gold Shaft Mining
27:45 Stone Shaft Mining
29:08 Caravan
29:38 Bodkin Arrow
30:11 Town Patrol
33:43 Caravan
35:36 Guilds
38:33 Two-Man Saw
37:49 Murder Holes
38:15 Ballistics
38:06 Masonry
38:19 Burgundian Vineyards
39:01 Crop Rotation
41:48 Imperial Age
40:31 Man-at-Arms
40:32 Pikeman
41:13 Squires
40:40 Elite Skirmisher
40:51 Cavalier
42:31 Long Swordsman
43:37 Herbal Medicine
43:54 Redemption
44:05 Sanctity
45:27 Hoardings
46:01 Chemistry
45:56 Bracer
47:40 Bombard Tower
47:06 Arrowslits
47:52 Architecture
50:16 Treadmill Crane
50:52 Forging
50:43 Scale Mail Armor
50:49 Scale Barding Armor
50:45 Padded Archer Armor
52:01 Iron Casting
50:50 Elite Coustillier
51:54 Onager
55:17 Blast Furnace
54:33 Chain Mail Armor
58:22 Plate Mail Armor
58:12 Chain Barding Armor
58:08 Leather Archer Armor
58:24 Fortified Wall
59:28 Guard Tower
65:44 Plate Barding Armor
73:00 Two-Handed Swordsman
73:01 Halberdier
74:04 Paladin
85:42 Block Printing
85:52 Illumination
96:09 Champion
105:14 Husbandry
105:21 Arson
aamerhussain.hr
0:29 Loom
13:30 Feudal Age
14:02 Town Watch
14:22 Horse Collar
14:32 Double-Bit Axe
25:55 Stone Mining
25:58 Gold Mining
28:53 Castle Age
30:08 Castle Age
32:36 Bow Saw
32:30 Heavy Plow
33:51 Wheelbarrow
33:17 Town Patrol
39:58 Imperial Age
37:49 Hand Cart
41:44 Chemistry
43:40 Two-Man Saw
43:18 Crop Rotation
42:52 Caravan
43:23 Coinage
43:04 Guilds
44:27 Bombard Tower
43:58 Heated Shot
45:07 Banking
47:11 Stone Shaft Mining
46:52 Masonry
46:48 Siege Engineers
47:04 Ballistics
46:35 Guard Tower
46:28 Treadmill Crane
46:43 Murder Holes
47:00 Fortified Wall
46:55 Scale Mail Armor
47:01 Scale Barding Armor
46:57 Padded Archer Armor
46:48 Fletching
47:09 Forging
47:04 Husbandry
50:23 Elite Organ Gun
51:43 Keep
51:39 Architecture
51:15 Siphons
51:27 Chain Mail Armor
51:33 Chain Barding Armor
51:29 Leather Archer Armor
58:15 Cavalier
69:21 Plate Mail Armor
69:27 Plate Barding Armor
69:23 Ring Archer Armor
68:49 Bodkin Arrow
69:30 Iron Casting
76:00 Blast Furnace
75:52 Bracer
81:19 Bloodlines
80:30 Light Cavalry
InTrUsIoN
0:26 Loom
14:45 Feudal Age
16:35 Wheelbarrow
15:45 Horse Collar
15:54 Double-Bit Axe
20:07 Castle Age
20:58 Bow Saw
20:53 Heavy Plow
20:48 Elite Skirmisher
21:31 Stone Mining
24:06 Forging
23:50 Fletching
26:30 Hand Cart
27:06 Bodkin Arrow
27:12 Padded Archer Armor
27:55 Caravan
37:09 Imperial Age
36:27 Leather Archer Armor
36:58 Ballistics
38:03 Gold Mining
38:23 Imperial Skirmisher
39:09 Thumb Ring
41:27 Two-Man Saw
41:56 Two-Man Saw
41:36 Stone Shaft Mining
43:37 Chemistry
42:33 Murder Holes
42:21 Treadmill Crane
42:48 Bracer
43:20 Ring Archer Armor
42:37 Elite Rattan Archer
44:11 Paper Money
47:53 Forging
47:51 Scale Barding Armor
48:22 Sanctity
48:31 Block Printing
48:47 Illumination
48:26 Herbal Medicine
49:15 Theocracy
50:26 Town Watch
53:12 Guard Tower
53:09 Arrowslits
55:10 Chain Barding Armor
55:27 Iron Casting
68:42 Keep
75:34 Heavy Cavalry Archer
GOG
8:24 Loom
12:17 Feudal Age
16:29 Wheelbarrow
16:43 Double-Bit Axe
20:35 Castle Age
20:51 Gold Mining
20:54 Stone Mining
20:48 Horse Collar
22:24 Hand Cart
24:46 Bow Saw
27:38 Stone Shaft Mining
27:26 Heavy Plow
33:29 Gold Shaft Mining
37:32 Imperial Age
36:24 Scale Mail Armor
36:34 Forging
42:58 Onager
43:56 Caravan
46:17 Chemistry
45:49 Conscription
48:25 Furor Celtica
48:21 Stronghold
49:02 Siege Engineers
48:32 Elite Woad Raider
52:14 Siege Onager
55:31 Chain Mail Armor
55:51 Iron Casting
57:20 Plate Mail Armor
67:46 Pikeman
68:37 Halberdier
72:12 Blast Furnace
77:21 Arson
765688104
12:22 Feudal Age
25:01 Castle Age
23:26 Double-Bit Axe
29:51 Horse Collar
34:28 Imperial Age
32:14 Gold Mining
32:32 Stone Mining
36:47 Bow Saw
36:47 Heavy Plow
39:46 Chemistry
38:57 Fortified Wall
38:49 Fletching
42:02 Heavy Camel Rider
46:14 Guard Tower
52:41 Keep
54:12 Scale Barding Armor
54:21 Forging
54:52 Frontier Guards
60:03 Gold Shaft Mining
Connection lost

Rejoining the realm…

Still unreachable

The connection could not be restored.

Session expired

The server has moved on; the page needs a fresh start.